IL
SCRANTON WB RAILRIDERS @ SALT LAKE BEES
09/23/2046
 
TOP OF THE 1ST
Scranton WB RailRiders batting - Pitching for Salt Lake Bees : RHP Bartholomeu Voivodic
Pitching: RHP Bartholomeu Voivodic
Batting: RHB Bobby Melillo 0-0: Ball
1-0: Swinging Strike
1-1: Foul Ball, location: 2F
1-2: Strikes out swinging
Batting: SHB Edwin Dominguez 0-0: Ball
1-0: Swinging Strike
1-1: Ball
2-1: Fly out, F7 (Flyball, 7, EV 78.1 MPH)
Batting: SHB Mukhtar Wa'il 0-0: Called Strike
0-1: Ball
1-1: Foul Ball, location: 2F
1-2: Ground out U3 (Groundball, 34, EV 89.4 MPH)
Top of the 1st over - 0 runs, 0 hits, 0 errors, 0 left on base; Scranton WB 0 - Salt Lake 0
BOTTOM OF THE 1ST
Salt Lake Bees batting - Pitching for Scranton WB RailRiders : RHP Andres Galindo
Pitching: RHP Andres Galindo
Batting: SHB Butch Brown 0-0: Swinging Strike
0-1: Called Strike
0-2: Ball
1-2: Strikes out swinging
Batting: RHB Melvin Gomez 0-0: Ball
1-0: Called Strike
1-1: SOLO HOME RUN (Flyball, 9LD, EV 91.2 MPH), Distance : 332 ft
Batting: RHB Andres Mendiola 0-0: Ball
1-0: Fly out, F3 (Popup, 34, EV 71.9 MPH)
Batting: RHB Juan Martinez 0-0: Fly out, F8 (Flyball, 8LS, EV 86.9 MPH)
Bottom of the 1st over - 1 run, 1 hit, 0 errors, 0 left on base; Scranton WB 0 - Salt Lake 1
TOP OF THE 2ND
Scranton WB RailRiders batting - Pitching for Salt Lake Bees : RHP Bartholomeu Voivodic
Batting: LHB Joel Vera 0-0: Called Strike
0-1: SINGLE (Groundball, 34D, EV 103.8 MPH)
Batting: RHB Scott King 0-0: Ball
1-0: Foul Ball, location: 2F
1-1: Fielders Choice at 2nd, 6-4 (Groundball, 6, EV 109.4 MPH)
Batting: LHB Jose Lebron 0-0: Called Strike
0-1: Swinging Strike
0-2: Foul Ball, location: 2F
0-2: Ball
1-2: Strikes out swinging
Scott King steals 2nd base
Batter strikes out.
Batting: LHB Aaron Joyner 0-0: Ball
1-0: Foul Ball, location: 2F
1-1: Ball
2-1: Swinging Strike
2-2: Ball
3-2: SINGLE (Groundball, 4MD, EV 108.1 MPH)
Scott King to third
Runner from 3rd tries for Home, SAFE, throw by CF to home
Batting: SHB Joe Fure 0-0: Called Strike
0-1: Foul Ball, location: 2F
0-2: Fly out, F8 (Flyball, 8RM, EV 88.1 MPH)
Top of the 2nd over - 1 run, 2 hits, 0 errors, 1 left on base; Scranton WB 1 - Salt Lake 1
BOTTOM OF THE 2ND
Salt Lake Bees batting - Pitching for Scranton WB RailRiders : RHP Andres Galindo
Batting: RHB Jeff Long 0-0: Called Strike
0-1: Foul Ball, location: 2F
0-2: Ball
1-2: Strikes out looking
Batting: RHB Justin Lauderdale 0-0: Fly out, F7 (Flyball, 78M, EV 93.1 MPH)
Batting: RHB Kian-tat Chen 0-0: SINGLE (Groundball, 56S, EV 65.0 MPH) (infield hit)
Batting: RHB Jonathan Ellis 0-0: Ball
1-0: Called Strike
1-1: SINGLE (Flyball, 4D, EV 92.5 MPH)
Kian-tat Chen to second
Runner from 2nd tries for 3rd, SAFE, throw by CF made to third
Batting: RHB Juan Rosa 0-0: Swinging Strike
0-1: Called Strike
0-2: Ball
1-2: Strikes out swinging
Bottom of the 2nd over - 0 runs, 2 hits, 0 errors, 2 left on base; Scranton WB 1 - Salt Lake 1
TOP OF THE 3RD
Scranton WB RailRiders batting - Pitching for Salt Lake Bees : RHP Bartholomeu Voivodic
Batting: RHB Jordan Barragan 0-0: Ball
1-0: Ground out 5-3 (Groundball, 56, EV 90.6 MPH)
Batting: RHB Bobby Melillo 0-0: Ball
1-0: Foul Ball, location: 2F
1-1: Ground out 4-3 (Groundball, 4, EV 86.2 MPH)
Batting: SHB Edwin Dominguez 0-0: Ball
1-0: Ground out 5-3 (Groundball, 5, EV 90.6 MPH)
Top of the 3rd over - 0 runs, 0 hits, 0 errors, 0 left on base; Scranton WB 1 - Salt Lake 1
BOTTOM OF THE 3RD
Salt Lake Bees batting - Pitching for Scranton WB RailRiders : RHP Andres Galindo
Batting: SHB Butch Brown 0-0: SINGLE (Groundball, 6, EV 101.9 MPH)
Batting: RHB Melvin Gomez 0-0: Swinging Strike
0-1: Foul Ball, location: 2F
0-2: Strikes out looking
Batting: RHB Andres Mendiola 0-0: Ball
1-0: Fly out, F9 (Flyball, 9S, EV 92.5 MPH)
Batting: RHB Juan Martinez 0-0: Called Strike
0-1: Ball
1-1: Swinging Strike
1-2: TRIPLE (Line Drive, 89XD, EV 101.9 MPH)
Butch Brown scores
Batting: RHB Jeff Long 0-0: DOUBLE (Groundball, 5L, EV 103.1 MPH)
Juan Martinez scores
Batting: RHB Justin Lauderdale 0-0: Ball
1-0: Ball
2-0: Ball
3-0: Base on Balls
Batting: RHB Kian-tat Chen 0-0: Foul Ball, location: 2F
0-1: Foul Ball, location: 2F
0-2: Foul Ball, location: 2F
0-2: Ball
1-2: Ball
2-2: SINGLE (Groundball, 6MD, EV 105.6 MPH)
Jeff Long to third
Justin Lauderdale to second
Runner from 3rd tries for Home, SAFE, throw by CF to home
Batting: RHB Jonathan Ellis 0-0: Ball
1-0: Ball
2-0: Foul Ball, location: 2F
2-1: DOUBLE (Flyball, 8RXD, EV 89.4 MPH)
Justin Lauderdale scores
Kian-tat Chen to third
Runner from 3rd tries for Home, SAFE, throw by CF to home
Pitching: LHP Ramon Escobedo
Batting: RHB Juan Rosa 0-0: Ball
Wild Pitch!
Jonathan Ellis to third
1-0: Ball
2-0: Called Strike
2-1: Hit by Pitch
Batting: SHB Butch Brown 0-0: Ball
1-0: Foul Ball, location: 2F
1-1: Ball
2-1: Called Strike
2-2: Ball
3-2: Foul Ball, location: 2F
3-2: SINGLE (Line Drive, 78S, EV 95.6 MPH)
Jonathan Ellis scores
Juan Rosa to second
Juan Rosa to third
Batting: RHB Melvin Gomez 0-0: SINGLE (Flyball, 78S, EV 85.6 MPH)
Juan Rosa scores
Butch Brown to second
Batting: RHB Andres Mendiola 0-0: Called Strike
0-1: Foul Ball, location: 2F
0-2: Ball
1-2: Ball
2-2: Strikes out swinging
Bottom of the 3rd over - 7 runs, 7 hits, 0 errors, 2 left on base; Scranton WB 1 - Salt Lake 8
TOP OF THE 4TH
Scranton WB RailRiders batting - Pitching for Salt Lake Bees : RHP Bartholomeu Voivodic
Batting: SHB Mukhtar Wa'il 0-0: Ball
1-0: Ball
2-0: TRIPLE (Flyball, 9LD, EV 87.5 MPH)
Batting: LHB Joel Vera 0-0: Ball
1-0: Ball
2-0: Fly out, F8 (Flyball, 8RS, EV 93.8 MPH)
Batting: RHB Scott King 0-0: Ball
1-0: Ball
2-0: Ball
3-0: Base on Balls
Batting: LHB Jose Lebron 0-0: Called Strike
0-1: Fly out, F7 (Flyball, 7LM, EV 103.1 MPH)
Batting: LHB Aaron Joyner 0-0: Ground out U3 (Groundball, 3L, EV 101.2 MPH)
Top of the 4th over - 0 runs, 1 hit, 0 errors, 2 left on base; Scranton WB 1 - Salt Lake 8
BOTTOM OF THE 4TH
Salt Lake Bees batting - Pitching for Scranton WB RailRiders : LHP Ramon Escobedo
Batting: RHB Juan Martinez 0-0: Foul Ball, location: 2F
0-1: Ball
1-1: Ball
2-1: Called Strike
2-2: Strikes out swinging
Batting: RHB Jeff Long 0-0: Ground out 5-3 (Groundball, 15, EV 88.8 MPH)
Batting: RHB Justin Lauderdale 0-0: Ball
1-0: Called Strike
1-1: SINGLE (Flyball, 4D, EV 94.4 MPH)
Batting: RHB Kian-tat Chen 0-0: Ball
1-0: Ball
Justin Lauderdale steals 2nd base (no throw)
2-0: Swinging Strike
2-1: Foul Ball, location: 2F
2-2: Strikes out swinging
Bottom of the 4th over - 0 runs, 1 hit, 0 errors, 1 left on base; Scranton WB 1 - Salt Lake 8
TOP OF THE 5TH
Scranton WB RailRiders batting - Pitching for Salt Lake Bees : RHP Bartholomeu Voivodic
Batting: SHB Joe Fure 0-0: Ball
1-0: Swinging Strike
1-1: Ball
2-1: Foul Ball, location: 2F
2-2: Foul Ball, location: 2F
2-2: Ground out 4-3 (Groundball, 4S, EV 85.0 MPH)
Batting: RHB Jordan Barragan 0-0: Ground out 4-3 (Groundball, 34, EV 107.5 MPH)
Batting: RHB Bobby Melillo 0-0: Called Strike
0-1: Swinging Strike
0-2: Strikes out swinging
Top of the 5th over - 0 runs, 0 hits, 0 errors, 0 left on base; Scranton WB 1 - Salt Lake 8
BOTTOM OF THE 5TH
Salt Lake Bees batting - Pitching for Scranton WB RailRiders : LHP Ramon Escobedo
Batting: RHB Jonathan Ellis 0-0: Ball
1-0: Ball
2-0: Ball
3-0: Base on Balls
Batting: RHB Juan Rosa 0-0: Foul Ball, location: 2F
0-1: Ball
1-1: Foul Ball, location: 2F
1-2: Ball
2-2: DOUBLE (Flyball, 8LXD, EV 105.6 MPH)
Jonathan Ellis to third
Batting: SHB Butch Brown 0-0: Ball
1-0: Fly out, F8 (Flyball, 8LM, EV 87.5 MPH)
Batting: RHB Melvin Gomez 0-0: Called Strike
0-1: Called Strike
0-2: Strikes out swinging
Batting: RHB Andres Mendiola 0-0: Swinging Strike
0-1: Called Strike
0-2: Strikes out looking
Bottom of the 5th over - 0 runs, 1 hit, 0 errors, 2 left on base; Scranton WB 1 - Salt Lake 8
TOP OF THE 6TH
Scranton WB RailRiders batting - Pitching for Salt Lake Bees : RHP Bartholomeu Voivodic
Batting: SHB Edwin Dominguez 0-0: Fly out, F8 (Flyball, 78D, EV 93.8 MPH)
Batting: SHB Mukhtar Wa'il 0-0: Foul Ball, location: 2F
0-1: Ball
1-1: Swinging Strike
1-2: Foul Ball, location: 2F
1-2: Strikes out swinging
Batting: LHB Joel Vera 0-0: Ball
1-0: Called Strike
1-1: Ground out U3 (Groundball, 34, EV 91.9 MPH)
Top of the 6th over - 0 runs, 0 hits, 0 errors, 0 left on base; Scranton WB 1 - Salt Lake 8
BOTTOM OF THE 6TH
Salt Lake Bees batting - Pitching for Scranton WB RailRiders : LHP Ramon Escobedo
Pitching: RHP Jim Milch
Batting: RHB Juan Martinez 0-0: Ground out 6-3 (Groundball, 6, EV 98.8 MPH)
Batting: RHB Jeff Long 0-0: Called Strike
0-1: Fly out, F8 (Flyball, 8RXD, EV 97.5 MPH)
Batting: RHB Justin Lauderdale 0-0: Swinging Strike
0-1: Called Strike
0-2: SINGLE (Groundball, 6MD, EV 100.0 MPH)
Batting: RHB Kian-tat Chen 0-0: Ball
1-0: Ball
2-0: Called Strike
2-1: Called Strike
Justin Lauderdale steals 2nd base (no throw)
2-2: Fly out, F9 (Flyball, 9LS, EV 90.6 MPH)
Bottom of the 6th over - 0 runs, 1 hit, 0 errors, 1 left on base; Scranton WB 1 - Salt Lake 8
TOP OF THE 7TH
Scranton WB RailRiders batting - Pitching for Salt Lake Bees : RHP Bartholomeu Voivodic
Batting: RHB Scott King 0-0: Called Strike
0-1: Foul Ball, location: 2F
0-2: Ball
1-2: Ball
2-2: Ground out 5-3 (Groundball, 56, EV 84.4 MPH)
Batting: LHB Jose Lebron 0-0: Called Strike
0-1: Called Strike
0-2: Ball
1-2: Ball
2-2: Ground out 4-3 (Groundball, 4, EV 91.9 MPH)
Batting: LHB Aaron Joyner 0-0: Called Strike
0-1: Swinging Strike
0-2: Ball
1-2: Foul Ball, location: 2F
1-2: Fly out, F7 (Line Drive, 7D, EV 93.1 MPH)
Top of the 7th over - 0 runs, 0 hits, 0 errors, 0 left on base; Scranton WB 1 - Salt Lake 8
BOTTOM OF THE 7TH
Salt Lake Bees batting - Pitching for Scranton WB RailRiders : RHP Jim Milch
Batting: RHB Jonathan Ellis 0-0: Swinging Strike
0-1: Foul Ball, location: 2F
0-2: Ball
1-2: Ball
2-2: Foul Ball, location: 2F
2-2: DOUBLE (Flyball, 9LD, EV 105.0 MPH)
Batting: RHB Juan Rosa 0-0: Ball
1-0: Ball
2-0: Ball
3-0: Called Strike
3-1: Foul Ball, location: 2F
3-2: Strikes out swinging
Pitching: RHP Jake Visconti
Batting: SHB Butch Brown 0-0: Ball
1-0: SINGLE (Line Drive, 5D, EV 95.6 MPH)
Jonathan Ellis to third
Runner from 3rd tries for Home, SAFE, throw by LF to home
Batting: RHB Melvin Gomez 0-0: Called Strike
0-1: Ball
1-1: Foul Ball, location: 2F
1-2: Foul Ball, location: 2F
1-2: Ball
2-2: Ball
3-2: SINGLE (Groundball, 56D, EV 105.6 MPH)
Butch Brown to second
Batting: RHB Andres Mendiola 0-0: Fly out, F8 (Flyball, 8RM, EV 86.9 MPH)
Batting: RHB Juan Martinez 0-0: Called Strike
0-1: Ball
1-1: Swinging Strike
1-2: Strikes out swinging
Bottom of the 7th over - 1 run, 3 hits, 0 errors, 2 left on base; Scranton WB 1 - Salt Lake 9
TOP OF THE 8TH
Scranton WB RailRiders batting - Pitching for Salt Lake Bees : RHP Bartholomeu Voivodic
Batting: SHB Joe Fure 0-0: Foul Ball, location: 2F
0-1: Ball
1-1: Called Strike
1-2: Ground out 4-3 (Groundball, 4M, EV 95.6 MPH)
Batting: RHB Jordan Barragan 0-0: Ball
1-0: Called Strike
1-1: Foul Ball, location: 2F
1-2: Foul Ball, location: 2F
1-2: Ball
2-2: Ground out 6-3 (Groundball, 6, EV 105.6 MPH)
Batting: RHB Bobby Melillo 0-0: Fly out, F7 (Line Drive, 7D, EV 95.0 MPH)
Top of the 8th over - 0 runs, 0 hits, 0 errors, 0 left on base; Scranton WB 1 - Salt Lake 9
BOTTOM OF THE 8TH
Salt Lake Bees batting - Pitching for Scranton WB RailRiders : RHP Jake Visconti
Batting: RHB Jeff Long 0-0: Fly out, F7 (Flyball, 7S, EV 88.8 MPH)
Batting: RHB Justin Lauderdale 0-0: Foul Ball, location: 2F
0-1: Fly out, F8 (Flyball, 8RD, EV 85.6 MPH)
Batting: RHB Kian-tat Chen 0-0: Called Strike
0-1: Ball
1-1: Called Strike
1-2: Ball
2-2: Ground out 5-3 (Groundball, 15, EV 85.0 MPH)
Bottom of the 8th over - 0 runs, 0 hits, 0 errors, 0 left on base; Scranton WB 1 - Salt Lake 9
TOP OF THE 9TH
Scranton WB RailRiders batting - Pitching for Salt Lake Bees : RHP Bartholomeu Voivodic
Batting: SHB Edwin Dominguez 0-0: Ball
1-0: DOUBLE (Groundball, 3L, EV 103.8 MPH)
Pitching: RHP Kennie Williams
Batting: SHB Mukhtar Wa'il 0-0: Ball
1-0: Fly out, F8 (Flyball, 8RD, EV 106.2 MPH)
Pinch Hitting: LHB Dan Morris 0-0: Ball
1-0: Ball
2-0: Swinging Strike
2-1: Foul Ball, location: 2F
2-2: Foul Ball, location: 2F
2-2: Ball
3-2: Foul Ball, location: 2F
3-2: Base on Balls
Pinch Hitting: RHB Mike Gifford 0-0: Ball
1-0: Foul Ball, location: 2F
1-1: Swinging Strike
1-2: Strikes out swinging
Batting: LHB Jose Lebron 0-0: Ball
1-0: Foul Ball, location: 2F
1-1: Swinging Strike
1-2: Ball
2-2: Foul Ball, location: 2F
2-2: Ball
3-2: Strikes out swinging
Top of the 9th over - 0 runs, 1 hit, 0 errors, 2 left on base; Scranton WB 1 - Salt Lake 9
Tuesday, September 13th , 2022 - OOTP Baseball 23.7 Build 88